[Event "Czech Open-GM 2022"]
[Site "Pardubice"]
[Date "2022.07.22"]
[Round "1.10"]
[White "Hoerr, Matthias"]
[Black "Haring, Filip"]
[Result "0-1"]
[ECO "B42"]
[WhiteElo "2177"]
[BlackElo "2451"]
[Annotator "TA"]
[PlyCount "72"]
[EventDate "2022.07.22"]
[EventType "swiss"]
[EventCountry "CZE"]
[SourceTitle "playchess.com"]
[Source "ChessBase"]
[SourceQuality "1"]
[TimeControl "40/5400+30:1800+30"]

1. e4 c5 2. Nf3 e6 3. d4 cxd4 4. Nxd4 a6 5. Bd3 Qc7 6. O-O Nf6 7. Qe2 d6 8. f4 Nbd7 9. c4 Be7 10. Nc3 O-O {[%emt 0:00:43] [#] 10...0-0 is better than 10...b6.} 11. a4 $146 {[%emt 0:06:47] B42: Sicilian: Kan Variation: 5 Bd3.} ({Predecessor:} 11. Be3 b6 12. Rac1 Re8 13. g4 Nc5 14. Bb1 Bb7 15. Bf2 e5 16. fxe5 dxe5 17. Nf5 Ne6 18. Nd5 Nf4 19. Qf3 N6xd5 20. cxd5 {1-0 (65) Demchenko,A (2654)-Bharath,S (2479) Chess.com INT 2022}) 11... b6 12. Bd2 g6 13. b4 {[%emt 0:05:00] White is slightly better.} Re8 14. Rfc1 Bb7 15. Nb3 Rac8 16. a5 bxa5 17. Nxa5 Ba8 $1 ({Resist} 17... Qb6+ 18. Be3 Qc7 19. b5 $16) 18. Kh1 Qb8 19. Rcb1 $36 {[%emt 0:04:56][%cal Oc4c5,Bc1b1,Bb1b4,Bb4c4][%mdl 2080] Black is under pressure.} Bd8 (19... Bf8 $14) 20. c5 $1 $18 dxc5 21. Bxa6 cxb4 {[%emt 0:08:00] [#] Threatens to win with ...Bxa5.} 22. Bxc8 Qxc8 23. Rxb4 e5 (23... Be7 $16 24. Rc4 Qa6) 24. Rc4 Qb8 25. Rb1 (25. f5 $18) 25... Qd6 $1 $14 26. Nb5 ({Better is} 26. Ra4 $16 {Strongly threatening Nc4.} exf4 27. Nc4) 26... Qa6 $15 {[%emt 0:00:18] White must now prevent ...exf4.} 27. Qe1 $2 ({Much worse is} 27. fxe5 Rxe5 28. Nd6 (28. Ra4 $2 Nxe4 29. Be3 Bxa5 $19) 28... Bxe4 29. Nxe4 Nxe4 30. Rxe4 Qxe2 31. Rxe2 Rxe2 $17) (27. f5 $15) 27... exf4 $19 28. Nc7 (28. Qf1 $142 Nxe4 29. Bxf4 Qxa5 30. Rc2) 28... Bxc7 {[%emt 0:00:14][%mdl 64] [#] Deflection} 29. Rxc7 Bxe4 30. Qg1 Bxb1 31. Qxb1 Qd6 32. Qc1 Ne4 33. Be1 {[%emt 0:01:00] Against Nf2+} Nec5 34. Rc6 Qd5 {[%emt 0:01:22] ...Re2 is the strong threat.} 35. Qd2 {[%emt 0:00:43] Prevents Re2.} Nb3 36. Qf2 Qd1 {Weighted Error Value: White=1.45/Black=0.68} 0-1

[Event "Czech Open-GM 2022"]
[Site "Pardubice"]
[Date "2022.07.22"]
[Round "1.11"]
[White "Brodowski, Piotr"]
[Black "Balazs, Balint"]
[Result "1-0"]
[ECO "A21"]
[WhiteElo "2450"]
[BlackElo "2174"]
[Annotator "TA"]
[PlyCount "57"]
[EventDate "2022.07.22"]
[EventType "swiss"]
[EventCountry "CZE"]
[SourceTitle "playchess.com"]
[Source "ChessBase"]
[SourceQuality "1"]
[TimeControl "40/5400+30:1800+30"]

1. c4 e5 2. Nc3 d6 3. g3 Nc6 4. Nf3 Be6 5. d4 exd4 6. Nxd4 {[%emt 0:00:25] A27: English Opening: Three Knights Variation.} Nxd4 7. Qxd4 Nf6 8. Bg2 {[%emt 0:05:37] White is slightly better.} c6 9. O-O Be7 10. b3 O-O 11. Bb2 Qb6 12. Qd2 Rfd8 13. e4 $1 {[%emt 0:01:41] Prevents d5.} Qa5 14. Rad1 Qh5 {[%emt 0:05:10] Inhibits Nd5.} 15. Ne2 Ng4 {[%emt 0:15:37][%csl Gg4][%cal Rh5h2] [#]} 16. h3 {[%emt 0:02:32] And now Nf4 would win.} Ne5 {[%emt 0:00:06] [#]} 17. Qe3 $146 {[%emt 0:12:36] Inhibits Nf3+.} ({Predecessor:} 17. g4 Bxg4 18. hxg4 Nxg4 19. Qf4 Bg5 20. Qg3 Bh4 21. Qh3 Ne5 22. Ng3 Qg4 23. Qxg4 Nxg4 {1-0 (29) Rosell,K-Oe,O Randers 1973}) 17... Ng6 (17... Bxh3 $2 18. Nf4 Qh6 19. Nxh3 $18 (19. Bxh3 g5 $16)) 18. Kh2 (18. g4 $142 Qa5 19. f4 (19. Qd4 f6 $14)) 18... Ne5 {[%emt 0:06:15] ...Ng4+ is the strong threat.} 19. f3 {[%emt 0:00:09] Prevents Ng4+.} Bg5 {[%emt 0:03:18] [#]} (19... a5 $16) 20. Qf2 $1 $18 f5 (20... Qh6 $16 {is a better defense.}) 21. exf5 Bxf5 {[%emt 0:01:51] White must now prevent ...Nd3.} 22. Bxe5 ({Don't take} 22. g4 $6 Bxg4 23. Bxe5 Bxh3 $18) 22... dxe5 23. g4 Qh6 24. gxf5 Be3 25. Qg3 Rf8 (25... Bb6 {was necessary.} 26. b4 (26. Qxe5 Re8 $11) 26... Bc7) 26. f4 {[%emt 0:00:25] White is clearly winning.} exf4 27. Nxf4 Rae8 28. Ne6 Rf6 29. Kh1 {[%emt 0:00:17] Weighted Error Value: White=0.04 (flawless) /Black=0.41} 1-0

[Event "Czech Open-GM 2022"]
[Site "Pardubice"]
[Date "2022.07.22"]
[Round "1.12"]
[White "Winter, Ondrej"]
[Black "Pantzar, Milton"]
[Result "0-1"]
[ECO "B11"]
[WhiteElo "2168"]
[BlackElo "2447"]
[Annotator "TA"]
[PlyCount "60"]
[EventDate "2022.07.22"]
[EventType "swiss"]
[EventCountry "CZE"]
[SourceTitle "playchess.com"]
[Source "ChessBase"]
[SourceQuality "1"]
[TimeControl "40/5400+30:1800+30"]

1. e4 c6 2. Nc3 d5 3. Nf3 Bg4 4. h3 Bxf3 5. Qxf3 e6 6. d4 dxe4 7. Nxe4 Qxd4 {[%emt 0:01:45] B11: Caro-Kann: Two Knights Variation.} 8. Bd3 Nd7 (8... f5 $2 9. Ng5 Nd7 10. O-O $18 (10. Nxe6 Qe5+ 11. Qe3 Ne7 $18)) 9. Be3 (9. c3 $11 Qd5 10. Bc2) 9... Qd5 $15 {[%emt 0:07:59] Black is slightly better.} 10. Rd1 Bb4+ 11. Ke2 Ngf6 {[%emt 0:05:22] [#]} 12. Nxf6+ $146 ({Predecessor:} 12. c3 Be7 13. c4 Qe5 14. Rd2 O-O 15. Rhd1 Nxe4 16. Bxe4 Nf6 17. Bb1 Bb4 18. Rd4 {0-1 (42) Philipowski,R (2274)-Zatonskih,A (2466) Belgium 2009}) 12... Nxf6 13. Qg3 Qh5+ 14. f3 O-O 15. Qg5 Qxg5 16. Bxg5 Nh5 {[%emt 0:00:32] Strongly threatening ...Ng3+.} 17. Kf2 {[%emt 0:03:11] Inhibits Ng3.} Bc5+ 18. Be3 Bxe3+ 19. Kxe3 e5 20. Bc4 Nf6 21. g4 g5 22. Rd6 Kg7 23. Rhd1 Rae8 24. a4 e4 (24... a5 $17) 25. f4 $1 gxf4+ 26. Kxf4 e3 {[%emt 0:00:16] aiming for ...Re4+.} 27. g5 $2 {[%emt 0:03:38][%mdl 8192] [#] This costs White the game.} ({White should play} 27. Bd3 $15) 27... Ne4 $1 $19 {[%emt 0:01:04] Really sharp!} 28. R6d4 Nf2 29. Re1 c5 30. Rd7 Re4+ {[%emt 0:00:21] Weighted Error Value: White=0.46/Black=0.06 (flawless)} 0-1

[Event "Czech Open-GM 2022"]
[Site "Pardubice"]
[Date "2022.07.22"]
[Round "1.13"]
[White "Akesson, Ralf"]
[Black "Hassemeier, Mika"]
[Result "1-0"]
[ECO "E47"]
[WhiteElo "2427"]
[BlackElo "2166"]
[Annotator "TA"]
[PlyCount "63"]
[EventDate "2022.07.22"]
[EventType "swiss"]
[EventCountry "CZE"]
[SourceTitle "playchess.com"]
[Source "ChessBase"]
[SourceQuality "1"]
[TimeControl "40/5400+30:1800+30"]

1. d4 Nf6 2. c4 e6 3. Nc3 Bb4 4. e3 O-O 5. Bd3 c5 6. Nf3 d6 7. O-O Nc6 8. d5 Bxc3 9. bxc3 Ne7 10. e4 Ng6 {[%emt 0:04:19] E41: Nimzo-Indian: Rubinstein: 4...c5 5 Bd3, including Hübner Variation.} 11. h3 e5 12. a4 {[%emt 0:01:50][%cal Ba2a4,Ba4a5][%mdl 32] [#]} Nh5 $146 {[%emt 0:04:11] The position is equal.} ({Predecessor:} 12... h6 13. Rb1 Rb8 14. Be3 Nh7 15. Rb2 f5 16. exf5 Bxf5 17. Bxf5 Rxf5 18. Nd2 Nf4 {0-1 (34) Semenov,R (2265)-Volodin,A (2283) Moscow 2014}) 13. Kh2 Nhf4 14. Bb1 Qd7 (14... Nh4 $5 15. Bxf4 exf4 $11) 15. Ng1 h5 (15... Ne7 $14) 16. a5 $1 $16 h4 17. Ra2 (17. Bc2 $142) 17... Rd8 {[%emt 0:09:48] [#]} (17... f6 $16) 18. Bc2 ({White should play} 18. Qf3 $1 $18) 18... Nf8 19. Bxf4 exf4 20. Qh5 Qe7 {[%emt 0:04:01] Inhibits e5.} (20... f6 $1 $14) 21. Nf3 {[%emt 0:00:41] White is more active.} Ng6 $2 {[%emt 0:00:24] [#] A mistake that costs the game.} (21... g6 $16 22. Qh6 (22. Qxh4 Qxh4 23. Nxh4 Nd7 $16) 22... f6 23. Nxh4 Qg7 24. Qxg7+ (24. Qxf4 g5 $11) 24... Kxg7) 22. e5 $1 $18 {[%emt 0:03:32] Strongly threatening e6.} (22. Ng5 Qe5 $14) 22... dxe5 23. Re1 {[%emt 0:04:21][%cal Bf1e1,Be1e5,Be5e4,Be4e6][%mdl 32] And now Ng5 would win.} (23. Bxg6 $6 fxg6 24. Qxg6 (24. Qxe5 Qxe5 25. Nxe5 Bf5 $16) 24... Qf6 25. Qxf6 gxf6 26. Nxh4 Kf7 $16) 23... Qf6 24. Bxg6 (24. Nxe5 Nxe5 25. Qxe5 (25. Rxe5 g6 $11) 25... Qxe5 26. Rxe5 g6 $16) 24... fxg6 25. Qxe5 Qxe5 26. Rxe5 (26. Nxe5 $6 Re8 27. Rb2 Re7 $18) 26... Kf7 (26... Bf5 $142 27. Rb2 (27. Nxh4 Re8 $18) 27... Rd7 28. Nxh4 Bd3) 27. Re4 (27. Nxh4 Kf6 $18) 27... g5 28. Nxg5+ Kf6 29. Ne6 ({Weaker is} 29. Nf3 Bf5 30. Ree2 (30. Rxf4 g5 $11) 30... Rd6 $16) 29... Bxe6 30. Rxe6+ ({Not} 30. dxe6 Kf5 31. Rae2 Rd6 32. Re5+ Kf6 33. Rxc5 Rxe6 34. Rxe6+ Kxe6 $18) 30... Kf7 31. Rae2 {[%emt 0:02:18] Hoping for Re7+.} Rd7 {[%emt 0:00:24] Prevents Re7+.} 32. R2e4 {[%emt 0:00:36] Weighted Error Value: White=0.11 (very precise) /Black=0.29 (precise)} 1-0

[Event "Czech Open-GM 2022"]
[Site "Pardubice"]
[Date "2022.07.22"]
[Round "1.14"]
[White "Zaehringer, Daniel"]
[Black "Dobrowolski, Piotr"]
[Result "0-1"]
[ECO "E33"]
[WhiteElo "2166"]
[BlackElo "2423"]
[Annotator "TA"]
[PlyCount "96"]
[EventDate "2022.07.22"]
[EventType "swiss"]
[EventCountry "CZE"]
[SourceTitle "playchess.com"]
[Source "ChessBase"]
[SourceQuality "1"]
[TimeControl "40/5400+30:1800+30"]

1. d4 e6 2. c4 Nf6 3. Nc3 Bb4 4. Qc2 Nc6 5. Nf3 d6 6. Bd2 e5 7. dxe5 {[%emt 0:14:59] E33: Nimzo-Indian: Classical: 4...Nc6.} dxe5 8. O-O-O (8. a3 $14 {should be considered.} Be7 9. e3) 8... Bxc3 $11 9. Bxc3 {[%emt 0:01:22] The position is equal.} Qe7 10. e3 a5 {[%emt 0:03:17] [#]} 11. a3 $146 ({Predecessor:} 11. h3 O-O 12. g4 Nb4 13. Qb1 Nd7 14. a3 Nc5 15. Nd2 Na4 16. Ne4 f5 17. gxf5 Bxf5 18. axb4 axb4 {½-½ (30) Dao,T (2565)-Unzicker,F (2335) Budapest 1993}) 11... Nd7 12. Nd2 Nc5 13. Ne4 Be6 (13... Nb4 {is more complex.} 14. axb4 axb4 15. Bxb4 Ra1+) 14. Nxc5 Qxc5 15. Qb3 Qa7 16. Qb5 f6 17. c5 Ke7 18. Bc4 Bxc4 19. Qxc4 Rad8 20. f4 {[%emt 0:01:16] [#] And now fxe5 would win.} exf4 (20... Rxd1+ $14 21. Rxd1 Qa6) 21. exf4 $16 {[%emt 0:01:47] Hoping for Rhe1+.} Rxd1+ 22. Rxd1 {[%emt 0:00:10] aiming for Re1+.} Rd8 23. Re1+ Kf8 24. Re6 (24. g4 {feels hotter.} Qa8 25. g5 Re8 26. Rg1) 24... Ne7 25. Qe4 ({Much weaker is} 25. Bxf6 $6 gxf6 26. Rxf6+ Ke8 27. Qf7+ Kd7 28. Qe6+ Ke8 29. Qf7+ Kd7 30. Qe6+ Ke8 31. Qf7+ $11) (25. g4 $16 {Strongly threatening g5.} Nd5 26. g5 Nxc3 27. bxc3 (27. Qxc3 Rd5 $14)) 25... Qxc5 $15 {[%emt 0:00:43] ...Nd5 is the strong threat.} 26. Qxh7 ({Better is} 26. Qxb7 $15 Nd5 27. Qc6 Qg1+ 28. Re1 Qxg2 29. Qc5+ Kg8 30. Qc6) 26... Qg1+ 27. Re1 Qxg2 28. Qh8+ Ng8 {[%emt 0:00:12] Black is more active.} 29. Qh5 {[%emt 0:00:13] Against Qg4} (29. Bxa5 $17 b6 30. Bc3) 29... b6 $19 30. Kb1 Qc6 31. Ka1 Rd3 32. Qe2 Qd7 33. Qh5 Rd5 34. Qe2 Nh6 35. Qf3 Nf7 36. Rg1 Nd8 37. h4 Qf5 38. Re1 Qh5 39. Qe4 Rd1+ 40. Rxd1 Qxd1+ {[%emt 0:00:03][%mdl 4096] Endgame KQB-KQN} 41. Ka2 Qd6 42. f5 Nc6 43. h5 {[%emt 0:00:00] [#]} (43. b4 {was called for.}) 43... Ne7 $1 44. Qa8+ Kf7 45. h6 (45. Qf3 {might work better.}) 45... gxh6 46. Qh8 Qd5+ ({Don't blunder} 46... Nxf5 $2 47. Qh7+ Ke6 48. Qh8 $19) 47. b3 Qg2+ 48. Bb2 Ng8 {[%emt 0:00:00] Weighted Error Value: White=0.27 (precise) /Black=0.07 (flawless)} 0-1

[Event "Czech Open-GM 2022"]
[Site "Pardubice"]
[Date "2022.07.22"]
[Round "1.15"]
[White "Smith, Bryan"]
[Black "Mueer, Sebastian"]
[Result "1-0"]
[ECO "B90"]
[WhiteElo "2421"]
[BlackElo "2161"]
[Annotator "TA"]
[PlyCount "47"]
[EventDate "2022.07.22"]
[EventType "swiss"]
[EventCountry "CZE"]
[SourceTitle "playchess.com"]
[Source "ChessBase"]
[SourceQuality "1"]
[TimeControl "40/5400+30:1800+30"]

1. e4 c5 2. Nf3 d6 3. d4 cxd4 4. Nxd4 Nf6 5. Nc3 a6 6. Qd3 {[%emt 0:00:28] B90: Sicilian Najdorf: Unusual White 6th moves, 6 Be3 Ng4 and 6 Be3 e5.} Nbd7 7. Be2 g6 8. Bg5 {[%emt 0:01:03] White has an edge.} Bg7 9. O-O-O h6 10. Bh4 {[%emt 0:03:50] [#]} b5 $146 (10... O-O $11) ({Predecessor:} 10... Qc7 11. f4 b5 12. Bf3 Bb7 13. Rhe1 Rc8 14. e5 dxe5 15. fxe5 Nc5 16. Qe2 Bxf3 17. Qxf3 {1-0 (25) Sunilduth Lyna,N (2662)-Navara,D (2682) Prague 2022}) 11. Nc6 $16 Qc7 12. Nxe7 {[%emt 0:01:01] 0x0.00144a80cbacdp-1022s more active pieces. The black rooks are badly placed.} Nc5 ({Black should play} 12... Bb7) 13. Qd4 Ne6 (13... Qxe7 $16 14. Nd5 Nxd5 15. Qxg7 Qf8 16. Qxf8+ Kxf8) 14. Qxd6 Qxd6 {[%emt 0:00:51][%mdl 64] [#] Remove Defender} 15. Rxd6 {[%emt 0:00:05][%cal Oe4e5] e5! is the strong threat.} Kxe7 16. e5 $36 {[%emt 0:00:07][%mdl 2112] Black must now prevent Nd5+. Pin. White is in control.} g5 17. exf6+ Kxd6 (17... Bxf6 $16 18. Bg3 Bb7) 18. fxg7 {[%emt 0:00:27] Intending Rd1+ and mate.} Nxg7 19. Bg3+ Kc5 {[%emt 0:12:45] [#]} 20. Be5 $1 Rg8 (20... f6) 21. Bf3 $18 {[%emt 0:01:02] White is clearly winning.} Ra7 22. Ne4+ Kd5 23. Bb8 {[%emt 0:00:36] Strongly threatening Nf6+. This bishop pair is nice.} g4 24. Nc3+ {[%emt 0:00:35] Weighted Error Value: White=0.10 (very precise) /Black=0.50} 1-0

[Event "Czech Open-GM 2022"]
[Site "Pardubice"]
[Date "2022.07.22"]
[Round "1.16"]
[White "Bouska, Jiri"]
[Black "Lalic, Bogdan"]
[Result "0-1"]
[ECO "B32"]
[WhiteElo "2157"]
[BlackElo "2412"]
[Annotator "TA"]
[PlyCount "62"]
[EventDate "2022.07.22"]
[EventType "swiss"]
[EventCountry "CZE"]
[SourceTitle "playchess.com"]
[Source "ChessBase"]
[SourceQuality "1"]
[TimeControl "40/5400+30:1800+30"]

1. e4 c5 2. Nf3 Nc6 3. d4 cxd4 4. Nxd4 e5 5. Nb5 d6 6. a4 a6 {B32: Sicilian: Löwenthal and Kalashnikov Variations.} 7. N5a3 Be7 {[#]} 8. Be3 $146 ({Predecessor:} 8. Nc3 Nf6 9. Bc4 Bg4 10. f3 Be6 11. Be3 Rc8 12. Nd5 Bxd5 13. exd5 Nb8 14. O-O Nbd7 15. Qd2 O-O 16. a5 e4 17. f4 Ng4 {½-½ (17) Mueller,K (2525)-Brodsky,M (2529) Hamburg 2001}) 8... Nf6 {[%cal Bg8f6,Bf6d5,Bd5b4][%mdl 32] The position is equal.} 9. Bd3 (9. Nc3 $11) 9... d5 $15 10. exd5 Nxd5 11. Bd2 O-O 12. O-O Be6 13. Nc3 Ndb4 14. Bc4 Bxc4 15. Nxc4 Qd4 16. b3 Rad8 17. Rc1 f5 18. Qf3 {[#]} Qd7 $1 19. Be3 Nd4 20. Bxd4 exd4 21. Ne2 {[#]} Bg5 $1 22. Rcd1 Nxc2 23. Qd3 {[#]} Rfe8 $1 {[%cal Ob7b5] Hoping for ...b5!} 24. Nd2 ({Not} 24. Qxc2 $2 d3 25. Qc3 Bf6 $19) ({Better is} 24. Ng3) 24... Qd5 25. Ng3 (25. Nf3 $15 Bf6 26. Nf4 (26. Qxc2 $2 d3 $19)) 25... Nb4 $36 {[%mdl 2048] Black is on the roll. 0x0.00144a4d3ebedp-1022s more active pieces.} 26. Qxf5 Qxf5 27. Nxf5 d3 28. f4 ({White should play} 28. Nf3 $1 $15) 28... Bf6 $19 29. Rc1 (29. Rfe1 $142) 29... Re2 30. Rfd1 (30. Nf3 {was called for.}) 30... Na2 31. Rc4 Nc3 {Weighted Error Value: White=0.44/Black=0.08 (flawless)} 0-1

[Event "Czech Open-GM 2022"]
[Site "Pardubice"]
[Date "2022.07.22"]
[Round "1.17"]
[White "Jurcik, Marian"]
[Black "Folk, Petr"]
[Result "1-0"]
[ECO "B44"]
[WhiteElo "2409"]
[BlackElo "2157"]
[Annotator "TA"]
[PlyCount "57"]
[EventDate "2022.07.22"]
[EventType "swiss"]
[EventCountry "CZE"]
[SourceTitle "playchess.com"]
[Source "ChessBase"]
[SourceQuality "1"]
[TimeControl "40/5400+30:1800+30"]

1. e4 c5 2. Nf3 e6 3. d4 cxd4 4. Nxd4 Nc6 5. Bf4 a6 6. Nxc6 {B44: Sicilian: Taimanov: 5 Nb5.} bxc6 7. Bd3 {[#]} Nf6 $146 ({Predecessor:} 7... d5 8. O-O Nf6 9. c4 Be7 10. exd5 cxd5 11. cxd5 Nxd5 12. Be5 O-O 13. Qh5 Bf6 14. Qxh7# {1-0 (14) Ovezdurdiyeva,J (2061)-Wanyama,H (2242) Chess.com INT 2022}) 8. e5 {White is slightly better.} Nd5 9. Bg3 f5 10. exf6 Nxf6 (10... Qxf6 {keeps more tension.} 11. Nd2 Be7 12. Ne4 Qxb2 13. Nd6+ Bxd6 14. Bxd6 Qc3+) 11. O-O Be7 12. Nd2 O-O 13. Nc4 d5 (13... g6 $11) 14. Ne5 $16 {White is more active. White leaves nothing to chance now.} Qb6 15. c4 c5 16. Qc2 Bb7 {[#]} (16... Ra7 $142) 17. Bh4 $1 {aiming for Bxf6.} Qd6 (17... dxc4 $16 18. Nxc4 (18. Bxh7+ Nxh7 19. Bxe7 Bxg2 $16) 18... Qc6) 18. Bxf6 $18 Rxf6 19. Bxh7+ Kh8 20. Rae1 Raf8 21. Ng6+ Kxh7 22. Nxf8+ {[%mdl 64] [#] Discovered Attack (Double check)} Kg8 {Threatens to win with ...Rh6.} 23. Ng6 Bd8 24. f4 Bc7 25. Ne5 Rf5 (25... dxc4 $142 26. Rd1 (26. Nxc4 Qd4+ 27. Ne3 Bxf4 $11) 26... Bd5) 26. cxd5 Qxd5 27. Rd1 {Against Qd4+} Qxa2 (27... Qe4 $142 28. Qxe4 Bxe4) 28. Rd7 (28. Ng6 $142) 28... Bxe5 29. fxe5 {Weighted Error Value: White=0.47/Black=0.49} ({Weaker is} 29. Rxb7 Qd5 30. Ra7 (30. fxe5 Rxf1+ 31. Kxf1 Qxb7 $14) 30... Qd4+ 31. Kh1 Rxf4 32. Ra8+ Kf7 $18) 1-0

[Event "Czech Open-GM 2022"]
[Site "Pardubice"]
[Date "2022.07.22"]
[Round "1.18"]
[White "Yagiz, Bora"]
[Black "Moksh Amit Doshi"]
[Result "0-1"]
[ECO "B51"]
[WhiteElo "2154"]
[BlackElo "2409"]
[Annotator "TA"]
[PlyCount "117"]
[EventDate "2022.07.22"]
[EventType "swiss"]
[EventCountry "CZE"]
[SourceTitle "playchess.com"]
[Source "ChessBase"]
[SourceQuality "1"]
[TimeControl "40/5400+30:1800+30"]

1. e4 c5 2. Nf3 d6 3. Bb5+ Nd7 4. a4 Ngf6 5. Nc3 g6 6. a5 {[%emt 0:01:15] B51: Sicilian: Moscow Variation (3 Bb5+) without 3...Bd7.} a6 7. Bc4 e6 {[%emt 0:02:52] [#]} 8. Qe2 $146 {[%emt 0:06:34] White is slightly better.} ({Predecessor:} 8. d4 cxd4 9. Qxd4 Qc7 10. Qd3 Nc5 11. Qe2 Bg7 12. O-O O-O 13. Bf4 Nh5 14. Bg5 {0-1 (32) Sjugirov,S (2663)-Brkic,A (2592) Tornelo INT 2021}) 8... Bg7 9. O-O O-O 10. d4 cxd4 11. Nxd4 Nc5 12. Nb3 Ncxe4 13. Nxe4 Nxe4 14. Qxe4 d5 15. Bxd5 exd5 16. Qb4 Re8 17. Nd4 Qh4 18. Be3 Re4 19. Rfe1 Be5 ({But not} 19... Bxd4 20. Bxd4 Qg5 21. g3 $16) 20. g3 (20. f4 $1 $11 Bxf4 21. Bxf4 Qxf4 22. c3) 20... Rxd4 (20... Qf6 $1 $17 {aiming for ...Bh3.} 21. Red1 Bh3) 21. Bxd4 $11 Qxd4 22. Qxd4 Bxd4 23. Re8+ Kg7 24. c3 (24. Rae1 $1 $11 {was the only way to keep the balance.}) 24... Ba7 (24... Bc5 $1 $17 25. b4 Bd6) 25. Rae1 $1 $15 {[%emt 0:03:24] Hoping for Rd8.} Rb8 $1 26. R1e7 g5 (26... Bf5 $15 27. Rxb8 Bxb8) 27. Rc7 (27. b4 $1 $11 {remains equal.} Bg4 28. Rxb8 Bxb8 29. Rxb7) 27... Bf5 $17 28. Rxb8 Bxb8 29. Rxb7 Be5 30. Kf1 d4 31. cxd4 Bxd4 32. Ke2 {[%emt 0:00:42] Prevents Bd3+.} (32. Ke1 $142) 32... Kf6 {[%emt 0:00:11] Black is more active.} ({Better is} 32... Be6 {...Bc4+ is the strong threat.} 33. f4 gxf4) 33. b4 Be6 $1 {[%emt 0:01:47] This bishop pair is nice.} 34. Rc7 {[%emt 0:03:16] Prevents Bc4+.} (34. Kd3 $142 Bxf2 35. b5) 34... Ke5 $1 35. f4+ Kd6 36. Rc1 g4 (36... Bb2 $19 37. Rc2 Ba3 38. Rd2+ Kc6 39. Rc2+ Kb5 40. Rc5+ Kxb4 41. Rxg5 h6) 37. Kd3 Ba7 38. Ke4 (38. Kc3 $17) 38... f5+ $19 39. Kd3 Bd7 40. Re1 (40. Kd2 $142) 40... Bc6 41. Kc3 h5 42. Rd1+ Bd5 43. Re1 Kd7 44. Rd1 {[%emt 0:00:50] [#]} Kc6 45. Re1 Be4 46. Kc4 (46. Rc1 {might work better.}) 46... Bf2 47. Rf1 {[%emt 0:01:11] [#]} Be3 {[%emt 0:00:07] And now ...Bd2 would win.} 48. Rd1 $2 (48. Kc3) 48... h4 $1 49. Rf1 h3 {[%emt 0:02:39] Threatens to win with ...Bg2.} 50. Rd1 Bf2 51. Rd2 Bg1 52. Re2 Bd5+ (52... Bg2 $142 53. Re6+ Kd7) 53. Kc3 Bg2 54. Re6+ Kb7 55. Re7+ Kc8 56. b5 axb5 57. a6 Kb8 58. Rf7 Bxh2 59. Kd4 {Weighted Error Value: White=0.83/Black=0.17 (very precise)} 0-1

[Event "Czech Open-GM 2022"]
[Site "Pardubice"]
[Date "2022.07.22"]
[Round "1.19"]
[White "Hollan, Martin"]
[Black "Budzisz, Adrian"]
[Result "1-0"]
[ECO "C00"]
[WhiteElo "2399"]
[BlackElo "2152"]
[Annotator "TA"]
[PlyCount "89"]
[EventDate "2022.07.22"]
[EventType "swiss"]
[EventCountry "CZE"]
[SourceTitle "playchess.com"]
[Source "ChessBase"]
[SourceQuality "1"]
[TimeControl "40/5400+30:1800+30"]

1. e4 e6 2. d4 d5 3. Bd3 dxe4 4. Bxe4 Nf6 5. Bf3 Be7 6. Ne2 {[%emt 0:00:37] C01: French: Exchange Variation.} O-O 7. O-O Nbd7 8. Bf4 {[%emt 0:05:15] White has an edge.} c5 9. c3 ({White should try} 9. Nbc3 $14) 9... cxd4 $11 10. cxd4 Nb6 11. Nbc3 Nbd5 12. Be5 Bd7 13. Bxf6 Nxf6 {[%emt 0:00:14] [#]} 14. Qb3 $146 ({Predecessor:} 14. d5 exd5 15. Nxd5 Nxd5 16. Qxd5 Rb8 17. Rfd1 Ba4 18. b3 Qxd5 19. Bxd5 Bb5 20. Nc3 Ba6 21. Bf3 Rfd8 22. Nd5 Bd6 23. Rac1 Ba3 24. Rc7 Rbc8 {½-½ (24) Omanovic,V-Miricanac,A (2222) Neum 2003}) 14... Rb8 15. Rfd1 Bd6 16. Ng3 Qe7 17. Re1 Rfd8 18. Rad1 Bxg3 19. hxg3 Qd6 20. d5 {[%emt 0:02:36] [#] Black must now prevent dxe6.} (20. Bxb7 $2 Qc7 21. d5 Rxb7 $19) 20... e5 21. a3 g5 ({Better is} 21... a5 $11) 22. Qb4 Qxb4 23. axb4 g4 24. Be2 Ne8 25. Ne4 f5 26. Nc5 Nd6 27. f3 ({Much weaker is} 27. Nxd7 Rxd7 28. Rd3 Rbd8 $15) 27... gxf3 28. gxf3 b6 29. Ne6 (29. Nd3 $5 ) 29... Re8 30. Ra1 Bxe6 31. dxe6 Re7 32. Red1 Ne8 33. Rd5 Kg7 34. Rxe5 Kf6 35. f4 {[%emt 0:00:31] White is more active.} (35. Rd5 $1 $14) 35... Rd8 36. Bb5 Ng7 37. Bc4 Rd4 38. b3 h5 39. Kf2 ({Of course not} 39. Rae1 h4 $11) 39... Rd2+ (39... Nxe6 $2 40. Rae1 Re4 41. R5xe4 (41. R1xe4 fxe4 42. Rxe4 Ng7 $16) 41... fxe4 42. Rxe4 $16) 40. Ke3 Rd6 41. Re1 Nxe6 (41... Ne8 $14) 42. Kf2 $16 {[%emt 0:01:41] Strongly threatening b5.} Rd2+ $2 {[%emt 0:05:17][%mdl 8192] [#]} (42... a6 $16) 43. Kf1 $1 $18 {[%emt 0:00:40] White is clearly winning.} Rd6 44. b5 Re8 45. Kg2 {[%emt 0:07:47] Weighted Error Value: White=0.10 (very precise) /Black=0.14 (very precise)} 1-0